Map: Tropical Sacrifice

Players

PappiJoe

  • Race: Protoss Protoss
  • Spawn Location: 1:00

Solar - Winner!

  • Race: Zerg Zerg
  • League: Master
  • Spawn Location: 7:00

Event: HomeStory Cup XXII

VOD

Have the link to the VOD?

Description

Time

  • Played on: Dec. 15, 2022, 11:12 a.m.
  • Length: 4:05

All games in this series

Show
View Real Time Build Order
Export as new Build Order

PappiJoe Protoss 

Build Orders:  

Get SALT Encoding   

  12  0:01  Probe  
  13  0:13  Probe  
  14  0:25  Probe  
  15  0:35  Pylon  
  15  0:53  Gateway  
  15  0:54  Gateway  
  15  0:58  Gateway  
  15  1:09  Gateway  
  15  1:13  Probe  
  16  1:26  Pylon  
  16  1:27  Probe  
  17  1:40  Zealot (Chrono Boost)  
  21  1:51  Zealot (Chrono Boost)  
  23  1:55  Zealot (Chrono Boost)  
  23  2:00  Zealot (Chrono Boost)  
  25  2:02  Zealot (Chrono Boost)  
  30  2:16  Zealot (Chrono Boost)  
  30  2:18  Zealot (Chrono Boost)  
  30  2:20  Pylon  
  30  2:38  Zealot x2  
  30  2:44  Zealot  
  36  2:47  Zealot  
  28  3:05  Zealot x2  
  32  3:11  Zealot  
  32  3:18  Zealot (Chrono Boost)  
  32  3:32  Zealot (Chrono Boost)  
  36  3:39  Zealot (Chrono Boost)  
  35  3:44  Pylon  
Show
View Real Time Build Order
Export as new Build Order

Solar Zerg - Winner!

Build Orders: Hatch First 

Get SALT Encoding   

  12  0:00  Drone  
  13  0:12  Overlord  
  13  0:17  Drone  
  14  0:32  Drone x2  
  16  0:49  Hatchery  
  15  0:53  Drone  
  15  0:55  Drone  
  17  1:00  Drone  
  18  1:09  Extractor  
  17  1:16  Spawning Pool  
  16  1:18  Drone  
  16  1:23  Drone  
  18  1:28  Drone  
  19  1:41  Drone  
  20  2:03  Zergling x6, Queen  
  20  2:05  Queen  
  27  2:13  Zergling x2, Overlord  
  28  2:18  Metabolic Boost  
  28  2:25  Spine Crawler  
  28  2:28  Zergling x2  
  28  2:34  Evolution Chamber  
  28  2:37  Zergling x2  
  28  2:43  Zergling x2  
  28  2:46  Zergling x2  
  22  3:00  Zergling x4  
  22  3:03  Zergling x2  
  25  3:08  Zergling x2  
  25  3:11  Zergling x2  
  26  3:15  Zergling x2  
  26  3:19  Zergling x2  
  27  3:22  Zergling x2  
  28  3:30  Zergling x2  
  28  3:32  Zergling x2  
  30  3:37  Overlord  
  30  3:42  Zergling x2  
  30  3:48  Zergling x2  
Tags
 
Add a new tag
Caveats
  • Supply blocks, unpowered buildings, or Contaminate may cause inaccurate times.
  • Supply counts are checked every 10 seconds.